 Dungeon Crawl Stone Soup version 0.32-a0-630-g46d191b0ed (webtiles) character file.

Game seed: 3279303377699874932

7 Esekla the Sneak (level 2, -4/21 HPs)
             Began as an Octopode Delver on Mar 7, 2024.
             Slain by a sleepcap (6 damage)
             ... on level 5 of the Dungeon.
             The game lasted 00:02:21 (154 turns).

Esekla the Sneak (Octopode Delver)                   Turns: 154, Time: 00:02:22

Health: -4/21      AC:  1    Str: 11    XL:     2   Next: 4%
Magic:  2/2        EV: 13    Int: 12    God:
Gold:   39         SH:  0    Dex: 13    Spells: 1/1 levels left

rFire   . . .        a - +0 falchion
rCold   . . .        (no shield)
rNeg    . . .        (helmet restricted)
rPois   .            (no amulet)
rElec   .            (no ring)
rCorr   .            (no ring)
SInv    .            (no ring)
Will    .....        (no ring)
Stlth   ++++         (no ring)
HPRegen 0.23/turn    (no ring)
MPRegen 0.08/turn    (no ring)
                     (no ring)

%: no passive effects
@: no status effects
A: almost no armour, amphibious, 8 rings, camouflage 1, gelatinous body 1,
(nimble swimmer 1), tentacles
a: no special abilities


You were on level 5 of the Dungeon.
You visited 1 branch of the dungeon, and saw 1 of its levels.

You collected 39 gold pieces.

Inventory:

Hand Weapons
 a - a +0 falchion (weapon)
Wands
 f - a wand of digging (3)
Scrolls
 b - a scroll of fog
 d - a scroll of fear
Potions
 c - a potion of berserk rage {unknown}
 e - a potion of haste


   Skills:
 + Level 3.1 Fighting
 + Level 2.0 Long Blades
 + Level 2.0 Dodging
 + Level 7.0 Stealth


You had one spell level left.
You didn't know any spells.
Your spell library was empty.

Dungeon Overview and Level Annotations

Branches:
Dungeon (5/15)
 Temple: D:4-7

Altars:
Ashenzari
Elyvilon

Annotations:
D:5 1 transporter


Innate Abilities, Weirdness & Mutations

You cannot wear most types of armour.
You are amphibious.
You can wear up to eight rings at the same time.
Your skin changes colour to match your surroundings (Stealth+).
Your rubbery body absorbs attacks. (AC +1, EV +1)
((You are camouflaged when in or above water. (Stealth+)))
You have tentacles for arms and can constrict up to eight enemies at once.


Message History

The shadow imp lashes its tail.
You now have 39 gold pieces (gained 17).
The shadow imp picks up a beetle and eats it.
Found a wooden ring.
The shadow imp grins evilly.
You open the door.
There is an open door here.
The shadow imp barely misses you.
You hit the shadow imp. You grab the shadow imp.
The shadow imp is heavily wounded.
You constrict the shadow imp. The shadow imp closely misses you.
You hit the shadow imp.
The shadow imp is severely wounded.
You constrict the shadow imp. The shadow imp closely misses you.
The shadow imp gestures at you. Pain shoots through your body!
You hit the shadow imp but do no damage.
You squeeze the shadow imp.
You kill the shadow imp!
The sleepcap releases spores at you.
You are engulfed in a cloud of soporific spores!
You fall asleep.
Your Stealth skill increases to level 7!
You have reached level 2!
The sleepcap releases spores at you!
You wake up.
Ouch! That really hurt!
You are engulfed in a cloud of soporific spores!
You are unaffected.
You hit the sleepcap but do no damage. You grab the sleepcap.
You constrict the sleepcap. The sleepcap closely misses you.
You hit the sleepcap.
The sleepcap is moderately damaged.
You constrict the sleepcap. The sleepcap releases spores at you!
* * * LOW HITPOINT WARNING * * *
You are engulfed in a cloud of soporific spores!
You are unaffected.
You hit the sleepcap but do no damage. You squeeze the sleepcap!
The sleepcap is severely damaged.
You constrict the sleepcap. The sleepcap releases spores at you.
You die...

##........*
..........*
#.........*
#......#..#* ####
.....#*#...### #..#
.....# *#....###..##
##.f.######........###
~~.©.~~#.##..........#
~#####~#.......f@....#
.#.r.#.....###'###..##
,#r..#.....#.....#..##
,♣._.♣.....#.....#...#
,#...#.....#.._..#...#
,#.©.#.....#.....#..##
~#####~#...#.....#.##
~~,©.~~#...#######..#
**,..###............#


You could see a sleepcap.

Vanquished Creatures
  A shadow imp (D:5)
1 creature vanquished.

Notes
Turn   | Place    | Note
-------+----------+-------------------------------------------
     0 | D:5      | Esekla the Octopode Delver began the quest for the Orb.
     0 | D:5      | Reached XP level 1. HP: 16/16 MP: 1/1
    22 | D:5      | Noticed a sleepcap
    81 | D:5      | Noticed a hound
    82 | D:5      | Found a transporter.
    83 | D:5      | Found a white marble altar of Elyvilon.
    88 | D:5      | Found a broken altar of Ashenzari.
   151 | D:5      | Reached skill level 7 in Stealth
   151 | D:5      | Reached XP level 2. HP: 19/21 MP: 2/2
   154 | D:5      | Slain by a sleepcap

Illustrated notes

Levels and vault maps discovered:
D:5:      layout_cave_pools, elyvilon_altar_4, nemelex_dance_club_becter,
          amcnicky_altar_gilded, kennysheep_donut, hangedman_decor_slide_cut,
          minmay_manual_mares

Skill      XL: |  1 |
---------------+----+-----
Stealth        | 7 |  7.0
Fighting       | |  3.1
Long Blades    | |  2.0
Dodging        | |  2.0

Action                     || total
---------------------------++-------
  Melee: Falchion          ||     6
         Constrict         ||     2
         Tentacles         ||     2
    Use: Scroll            ||     1
         Potion            ||     1
 Armour: Skin              ||    10
  Dodge: Dodged            ||     9

Table legend: (Time is in decaauts)
 A = Elapsed time spent in this place.
 B = Non-inter-level travel time spent in this place.
 C = Inter-level travel time spent in this place.
 D = Time resting spent in this place.
 E = Time spent auto-exploring this place.
 F = Levels seen in this place.
 G = Mean time per level.
                   A        B        C        D        E       F      G
               +--------+--------+--------+--------+--------+-----+--------+
         Total |    135 |    135 |      0 |      0 |      0 |   1 |  135.0 |
       Dungeon |    135 |    135 |      0 |      0 |      0 |   1 |  135.0 |
               +--------+--------+--------+--------+--------+-----+--------+

Top non-repeatable levels by time:
     D:5: 135 daAuts
